 Dungeon Crawl Stone Soup version 0.26-a0-800-g517d6fe721 (webtiles) character file.

Game seed: 3460752608729220057

470527 vortex the Slayer (level 24, -10/228 HPs)
             Began as a Hill Orc Fire Elementalist on Nov 10, 2020.
             Was the Champion of the Shining One.
             Mangled by a stone giant (19 damage)
             ... while paralysed by a sphinx
             ... on level 4 of the Depths on Nov 11, 2020.
             The game lasted 06:43:33 (84998 turns).

vortex the Slayer (Hill Orc Fire Elementalist)     Turns: 84998, Time: 06:43:34

Health: -10/228    AC: 23    Str: 22    XL:     24   Next: 66%
Magic:  8/46       EV:  2    Int: 34    God:    the Shining One [******]
Gold:   2173       SH:  0    Dex: 17    Spells: 1/44 levels left

rFire    + . .     SeeInvis .   n - +9 war axe (freeze)
rCold    . . .     Faith    .   Y - +2 buckler {rF+}
rNeg     + + +     Spirit   .   G - +5 acid dragon scales
rPois    +         Reflect  +   H - +2 helmet {Int+3}
rElec    +         Harm     .   k - +1 cloak {rCorr}
rCorr    +         Rampage  +   S - +2 pair of gloves "Hogita" {rElec rPois Str+3}
MR       +....                  w - +0 pair of boots {rampage}
Stlth    +.........             Z - amulet "Karul" {Reflect Fragile Str+5 Dex+6 SH+5}
HPRegen  0.48/turn              e - ring "Mifirchai" {rF- Int+8 Slay+4}
MPRegen  0.30/turn              K - ring of False Pretenses {rElec rF+ MP+9}

@: paralysed, mighty, berserk cooldown, slowed, glowing, studying Dodging
A: no striking features
}: 2/15 runes: decaying, gossamer
a: Divine Shield, Cleansing Flame, Summon Divine Warrior, Brand Weapon With Holy
Wrath, Renounce Religion


You were on level 4 of the Depths.
You worshipped the Shining One.
The Shining One was exalted by your worship.
You visited 8 branches of the dungeon, and saw 41 of its levels.
You visited the Abyss 1 time.
You visited 1 bazaar.
You also visited: Trove and Desolation.

You collected 7509 gold pieces.
You spent 5336 gold pieces at shops.

Inventory:

Hand Weapons
 n - a +9 war axe of freezing (weapon)
 s - the +8 spear of Eternal Vigilance {elec, MP+9}
   (You took it off a deep elf annihilator on level 3 of the Elven Halls)

   Occasionally, upon striking a foe, it will discharge some electrical energy
   and cause terrible harm.
   It affects your magic capacity (+9).
Missiles
 D - 14 curare-tipped darts (quivered)
Armour
 k - a +1 cloak of preservation (worn)
 w - a +0 pair of boots of rampaging (worn)
 A - +2 fire dragon scales {Xtahua}
 G - +5 acid dragon scales (worn)
 H - a +2 helmet of intelligence (worn)
 S - the +2 pair of gloves "Hogita" (worn) {rElec rPois Str+3}
   (You bought it in a shop on level 8 of the Dungeon)

   It affects your strength (+3).
   It insulates you from electricity.
   It protects you from poison.
 Y - a +2 buckler of fire resistance (worn)
Magical Staves
 q - an uncursed staff of fire
Jewellery
 e - the ring "Mifirchai" (left hand) {rF- Int+8 Slay+4}
   (You found it on level 1 of the Lair of Beasts)

   [ring of slaying]

   It affects your intelligence (+8).
   It affects your accuracy and damage with ranged weapons and melee attacks
   (+4).
   It makes you vulnerable to fire.
 J - the ring of Descent {Fire Str+2}
   (You found it on level 1 of the Lair of Beasts)

   [ring of fire]

   It enhances your fire magic.
   It affects your strength (+2).
   It protects you from fire.
   It makes you vulnerable to cold.
 K - the ring of False Pretenses (right hand) {rElec rF+ MP+9}
   (You found it on level 3 of the Swamp)

   [ring of magical power]

   It protects you from fire.
   It insulates you from electricity.
   It affects your magic capacity (+9).
 R - an uncursed ring of flight
 Z - the amulet "Karul" (around neck) {Reflect Fragile Str+5 Dex+6 SH+5}
   (You found it in a treasure trove)

   [amulet of reflection]

   It shields you and reflects attacks.
   It affects your strength (+5).
   It affects your dexterity (+6).
   It will be destroyed if unequipped.
   It affects your SH (+5).
Wands
 a - a wand of acid (27)
 p - a wand of disintegration (25)
 y - a wand of iceblast (28)
 F - a wand of digging (12)
 M - a wand of paralysis (27)
 Q - a wand of enslavement (23)
Scrolls
 b - 7 scrolls of vulnerability
 g - 21 scrolls of fog
 h - 9 scrolls of magic mapping
 i - 16 scrolls of identify
 l - 18 scrolls of teleportation
 m - 32 scrolls of remove curse
 z - 7 scrolls of fear
 B - 4 scrolls of immolation
 L - 7 scrolls of blinking
 P - 2 scrolls of summoning
 W - 4 scrolls of holy word
 X - 6 scrolls of silence
Potions
 f - 3 potions of cancellation
 j - 5 potions of flight
 o - 20 potions of curing
 r - 5 potions of magic
 t - 4 potions of attraction
 u - 4 potions of ambrosia
 x - 5 potions of mutation
 C - 5 potions of might
 E - 2 potions of heal wounds
 I - 6 potions of haste
 T - 4 potions of brilliance
 U - 3 potions of resistance
 V - 3 potions of berserk rage
Books
 c - a manual of Dodging
Miscellaneous
 d - a tin of tremorstones (2/2)
 v - a box of beasts (inert)
 N - a phial of floods


   Skills:
 - Level 21.0 Fighting
 - Level 12.6(13.1) Axes
 - Level 5.0(8.6) Polearms
 - Level 7.4 Armour
 - Level 8.0 Dodging
 - Level 1.5 Stealth
 - Level 4.0 Shields
 - Level 10.9 Spellcasting
 - Level 13.6 Conjurations
 - Level 4.0 Translocations
 - Level 8.0 Transmutations
 + Level 17.2 Fire Magic
 - Level 13.9 Earth Magic
 - Level 16.8 Invocations
 - Level 13.4 Evocations


You had one spell level left.
You knew the following spells:

 Your Spells              Type           Power        Failure   Level
a - Foxfire               Conj/Fire      ####         0%          1
b - Statue Form           Tmut/Erth      #######..    4%          6
c - Sticky Flame          Conj/Fire      #######.     1%          4
e - Starburst             Conj/Fire      #######...   1%          6
f - Fireball              Conj/Fire      #######...   1%          5
g - Ignition              Fire           #######...   17%         8
i - Iron Shot             Conj/Erth      #######...   1%          6
r - Lee's Rapid Deconstr  Erth           #######...   1%          5
x - Blink                 Tloc           N/A          1%          2

Your spell library contained the following spells:

 Spells                   Type           Power        Failure   Level
 Magic Dart               Conj           ####         0%          1
 Apportation              Tloc           #####.       1%          1
 Shock                    Conj/Air       ####         1%          1
 Sting                    Tmut/Pois      ####         1%          1
 Corona                   Hex            ###....      3%          1
 Freeze                   Ice            ###.         3%          1
 Summon Small Mammal      Summ           ###.         3%          1
 Conjure Flame            Conj/Fire      #######.     0%          3
 Dazzling Flash           Conj/Hex       ######       1%          3
 Gell's Gravitas          Tloc           #####.....   1%          3
 Ignite Poison            Fire/Tmut/Pois ######..     1%          3
 Inner Flame              Hex/Fire       ######..     1%          3
 Lesser Beckoning         Tloc           #####.....   1%          3
 Mephitic Cloud           Conj/Pois/Air  #####...     1%          3
 Spider Form              Tmut/Pois      #####.....   1%          3
 Static Discharge         Conj/Air       ######..     1%          3
 Stone Arrow              Conj/Erth      ######       1%          3
 Teleport Other           Tloc           #####...     1%          3
 Hailstorm                Conj/Ice       ######..     1%          4
 Iskenderun's Mystic Bla  Conj/Tloc      ######..     1%          4
 Leda's Liquefaction      Hex/Erth       ######....   1%          4
 Petrify                  Tmut/Erth      #######.     1%          4
 Bolt of Magma            Conj/Fire/Erth #######...   1%          5
 Irradiate                Conj/Tmut      #######...   1%          5
 Call Imp                 Summ           ###.....     4%          2
 Ensorcelled Hibernation  Hex/Ice        ###...       4%          2
 Poisonous Vapours        Pois/Air       ###...       4%          2
 Slow                     Hex            ###.....     4%          2
 Sublimation of Blood     Necr           ###.......   4%          2
 Swiftness                Air            ###.....     4%          2
 Portal Projectile        Hex/Tloc       ####..       4%          3
 Lightning Bolt           Conj/Air       ######....   4%          5
 Ice Form                 Ice/Tmut       #####...     6%          4
 Passage of Golubria      Tloc           N/A          6%          4
 Call Canine Familiar     Summ           ###.....     9%          3
 Confusing Touch          Hex            ###.....     9%          3
 Frozen Ramparts          Ice            ###...       9%          3
 Ozocubu's Armour         Ice            ###.....     9%          3
 Summon Guardian Golem    Hex/Summ       ###.....     9%          3
 Tukima's Dance           Hex            ###.....     9%          3
 Orb of Destruction       Conj           #######...   10%         7
 Alistair's Intoxication  Tmut/Pois      #####....    16%         5
 Yara's Violent Unravell  Hex/Tmut       #####.....   16%         5
 Hydra Form               Tmut           ######....   17%         6
 Conjure Ball Lightning   Conj/Air       ######....   28%         6
 Airstrike                Air            ###.......   30%         4
 Cause Fear               Hex            ###.......   30%         4
 Olgreb's Toxic Radiance  Pois           ###.....     30%         4
 Summon Ice Beast         Ice/Summ       ###.....     30%         4
 Summon Lightning Spire   Summ/Air       ###.....     30%         4
 Summon Forest            Summ/Tloc      ####......   36%         5
 Freezing Cloud           Conj/Ice/Air   #####.....   56%         6
 Metabolic Englaciation   Hex/Ice        ###.......   63%         5
 Eringya's Noxious Bog    Tmut/Pois      #####.....   65%         6
 Dragon Form              Tmut           ######....   67%         7
 Invisibility             Hex            ###.....     99%         6
 Ozocubu's Refrigeration  Ice            ###.......   99%         6
 Simulacrum               Ice/Necr       ###.......   99%         6
 Malign Gateway           Summ/Tloc      ####......   100%        7
 Discord                  Hex            ###.......   100%        8
 Shatter                  Erth           #######...   100%        9
 Tornado                  Air            ###.......   100%        9


Dungeon Overview and Level Annotations

Branches:
Dungeon (15/15)            Temple (0/1) D:4            Lair (6/6) D:9
  Swamp (4/4) Lair:4       Spider (4/4) Lair:3        Slime (0/5) Lair:6
    Orc (2/2) D:10            Elf (3/3) Orc:2        Vaults (4/5) D:14
  Crypt (0/3) Vaults:2     Depths (2/5) D:15        Desolation (visited)

Altars:
Elyvilon
Fedhas
Gozag
Hepliaklqana
Makhleb
Okawaru
Qazlal
Sif Muna
Uskayaw
Vehumet
Wu Jian
Xom
Yredelemnul
The Shining One

Shops:
D:5 *:   D:6 (   D:8 [}!   D:15 ([!   Orc:1 [   Orc:2 [[?(:   Elf:1 ?}:!(
Elf:2 *   Vaults:1 }   Vaults:3 ?

Portals:
Hell: Lair:6 Depths:1
Pandemonium: Depths:1 Depths:2


Message History

You suddenly lose the ability to move!
The glowing orange brain pulsates.
The fire giant hits you with a +2 great sword of flaming!
* * * LOW HITPOINT WARNING * * *
The fire giant burns you.
* * * LOW HITPOINT WARNING * * *
The stone giant hits you!!
* * * LOW HITPOINT WARNING * * *
Your mature fireox beast hits the yaktaur!!
Your mature fireox beast tramples the yaktaur!
The yaktaur holds its ground!
The yaktaur captain unwields a +0 arbalest.
The yaktaur captain hits your mature fireox beast.
The yaktaur hits your mature fireox beast.
The yaktaur hits you but does no damage.
The sphinx hits you.
* * * LOW HITPOINT WARNING * * *
The sphinx hits you but does no damage. x2
The stone giant hits you!!
You die... [:}[!

.... )≈# §. #..
.≈# (.###.##
.$≈# ..#T..##
.$§#
§).....[T##.)§
§p.##.=.HcT.# §
##.TcHCT##
##cC@C#.##$
#ccL#D#C...
?.§.cGcH#G#Q....
$$.$Dc##.#c*....
§§§≈≈≈ ##'.cc...
##### .....#+
...c## ....+
#..#


You could see a juggernaut, a golden dragon, a fire giant, a fire dragon
(summoned), 2 sphinxes, 2 stone giants, a tengu reaver, a lich, a yaktaur
captain (summoned), 2 glowing orange brains, 2 deep trolls, 2 deep troll earth
magi, a deep troll shaman, 11 yaktaurs, a battlesphere and a friendly mature
fireox beast (summoned, confused).

Vanquished Creatures
  Mara (Swamp:3)
  Saint Roka (Vaults:3)
  Xtahua (Vaults:2)
  Nikola (Depths:2)
  A bone dragon (Abyss:4)
  Jorgrun (D:14)
  2 liches
  2 deep elf master archers (Elf:3)
  2 deep elf blademasters (Elf:3)
  Gastronok (Lair:1)
  A sphinx (Vaults:4)
  2 tentacled starspawn (Abyss:4)
  A tengu reaver (Vaults:3)
  An ancient champion (Vaults:2)
  Agnes (D:14)
  Kirke (D:15)
  2 thorn hunters (Swamp:4)
  Donald (Orc:2)
  The ghost of kd29 the Devastator, an adept GrEE of Sif Muna (Spider:3)
  Roxanne (D:15)
  7 frost giants
  13 deep elf sorcerers
  2 fire giants (Depths:2)
  10 vault wardens
  2 ghost moths
  4 imperial myrmidons (Desolation)
  5 emperor scorpions
  Aizul (Depths:1)
  5 deep elf elementalists (Elf:3)
  An orc warlord (Orc:2)
  11 ironheart preservers
  6 very ugly things
  The ghost of DarkMailMan the Protected, a journeyman FoFi of the Shining One (Lair:4)
  5 stone giants
  6 entropy weavers
  5 deep elf annihilators
  A lorocyproca (Depths:2)
  Nessos (D:14)
  4 dire elephants
  2 halazid warlocks (Desolation)
  Azrael (Spider:3)
  5 deep elf demonologists
  2 bunyips
  6 spark wasps
  A blizzard demon (Depths:1)
  2 crystal guardians
  3 deep elf death magi (Elf:3)
  6 ettins
  4 eleionomae
  A fire dragon (Depths:1)
  The ghost of lordvenom1 the Spear-Bearer, a journeyman MfIE of Okawaru (Orc:2)
  The ghost of Igae the Nimble, a journeyman DrAE of Vehumet (D:14)
  7 yaktaur captains
  The ghost of aardvark the Fighter, a journeyman MiCK of Xom (Lair:1)
  6 servants of whispers (Desolation)
  4 deep elf high priests (Elf:3)
  5 ice dragons
  7 ragged hierophants (Desolation)
  A rakshasa (Depths:1)
  Josephine (Spider:1)
  3 great orbs of eyes
  The ghost of Jiolyugh the Geomancer, a journeyman GrEE of Qazlal (D:14)
  8 vault guards
  8 boulder beetles
  7 peacekeepers (Desolation)
  Erica (D:8)
  Fannar (D:11)
  27 hydras
  A spriggan air mage (Depths:2)
  Harold (Orc:1)
  15 centaur warriors
  A ghost crab (Swamp:4)
  2 death knights
  13 ogre magi
  6 alligators
  36 two-headed ogres
  A deep troll shaman (Depths:1)
  8 death scarabs (Spider:4)
  A deep troll earth mage (Vaults:4)
  38 dancing weapons
  8 death yaks
  4 tengu warriors
  4 orc high priests (Orc:2)
  A goliath frog (Swamp:1)
  Sonja (D:13)
  A sun demon (Lair:6)
  24 deep elf knights
  A soul eater (Abyss:4)
  Nergalle (D:11)
  The ghost of Rennog the Grappler, a novice TrMo of Makhleb (D:7)
  4 skeletal warriors
  A fire crab (Lair:4)
  2 shadow wraiths
  A titan skeleton (Vaults:4)
  An iron troll (Depths:1)
  2 sixfirhies
  3 wretched stars (Abyss:4)
  A death drake (shapeshifter) (Vaults:4)
  8 deep trolls
  3 unseen horrors
  2 glowing orange brains
  An infernal demonspawn (Depths:1)
  A spriggan druid (Swamp:3)
  8 swamp dragons
  19 deep elf archers
  3 spectral wolf spiders (Spider:4)
  4 bog bodies
  4 wizards
  2 necromancers
  10 ironbrand convokers
  4 lindwurms (Lair:3)
  13 orc knights
  2 manticores
  53 deep elf magi
  37 ugly things
  15 orb spiders
  41 wolf spiders
  4 wolf spider zombies (Spider:4)
  A mana viper (Abyss:4)
  A harpy (Vaults:1)
  The ghost of zarzak the Insei, a novice OpMo of Wu Jian (D:7)
  4 will-o-the-wisps
  4 oklob plants
  3 orc sorcerers
  5 cyclopes
  A moth of wrath (Spider:4)
  8 black mambas
  An elephant (shapeshifter) (Vaults:1)
  32 elephants
  An apocalypse crab (Abyss:4)
  4 smoke demons
  A black mamba (shapeshifter) (Depths:1)
  2 guardian serpents (Desolation)
  A rust devil (Depths:1)
  A centaur zombie (D:15)
  9 vault sentinels
  17 cane toads
  2 torpor snails
  4 kobold demonologists
  2 orange demons (Lair:6)
  4 spectral redbacks (Spider:4)
  16 demonic crawlers
  2 gargoyles
  6 komodo dragons
  5 rime drakes
  5 freezing wraiths
  2 yaktaurs (shapeshifter) (Vaults:2)
  32 yaktaurs
  A human zombie (Vaults:4)
  An efreet (D:14)
  6 ice devils
  A red devil (Lair:6)
  A tengu conjurer (D:14)
  An ancient zyme (Abyss:4)
  A meliai (shapeshifter) (Vaults:1)
  2 spectral jumping spiders (Spider:4)
  2 bloated husks
  39 jumping spiders
  2 polar bears (shapeshifter)
  7 polar bears
  6 trolls
  4 spectral tarantellas (Spider:4)
  14 hornets
  4 tyrant leeches
  Grinder (D:3)
  A human simulacrum (Vaults:1)
  2 tarantella zombies (Spider:4)
  5 raiju (Abyss:4)
  22 slime creatures
  A frost giant simulacrum (Vaults:4)
  50 saltlings (Desolation)
  9 blink frogs
  2 large abominations (Abyss:4)
  9 spriggans
  3 air elementals
  68 redbacks
  6 water elementals
  4 starcursed masses (Abyss:4)
  A shadow (D:14)
  3 ynoxinuls
  A steam dragon (D:10)
  5 wraiths
  5 basilisks
  3 fire elementals
  A human (shapeshifter) (Elf:3)
  4 wyverns
  49 yaks
  31 tarantellas
  4 golden eyes (Abyss:4)
  3 hogs (D:15)
  A neqoxec (Abyss:4)
  2 chaos spawn
  Menkaure (D:7)
  8 vampire mosquitoes
  7 wargs
  A swamp worm (shapeshifter) (Depths:1)
  8 swamp worms
  A soldier ant (shapeshifter) (D:14)
  15 water moccasins
  An acid dragon (D:12)
  8 hell hounds
  A spectral hornet (Spider:4)
  5 ice beasts
  44 orc warriors
  9 swamp drakes
  4 black bears
  A sky beast (D:5)
  An eye of draining (Abyss:4)
  A necrophage (D:10)
  2 phantoms
  40 ogres
  15 boggarts
  18 centaurs
  16 wolves
  Blork the orc (D:4)
  8 big kobolds
  2 wyvern zombies (D:10)
  16 bullfrogs
  2 cane toad simulacra (Lair:1)
  A deep troll simulacrum (Vaults:3)
  4 earth elementals
  A wyvern skeleton (D:10)
  A water moccasin skeleton (D:4)
  6 small abominations (Abyss:4)
  12 killer bees
  4 scorpions
  3 howler monkeys
  16 wights
  5 electric eels
  2 komodo dragon simulacra (Lair:1)
  2 quasits
  A bullfrog zombie (D:5)
  5 hounds
  5 jellies
  3 bullfrog skeletons
  28 orc wizards
  30 orc priests
  A water moccasin simulacrum (Lair:1)
  Ijyb (D:3)
  2 centaur skeletons
  An iguana (D:14)
  8 hell rats (Lair:6)
  7 worker ants
  Terence (D:3)
  A bullfrog simulacrum (Lair:1)
  A hound zombie (D:6)
  A hound skeleton (D:5)
  A worker ant zombie (D:9)
  15 adders
  11 gnolls
  A shadow imp (D:7)
  3 white imps
  An ufetubus (D:6)
  An ooze (D:3)
  2 adder zombies
  A worm (D:4)
  A dart slug (D:2)
  9 leopard geckos
  88 orcs
  5 giant cockroaches
  9 goblins
  7 hobgoblins
  13 jackals
  19 kobolds
  5 quokkas
  2 ball pythons
  10 bats
  6 frilled lizards
  A leopard gecko skeleton (D:6)
  2 quokka skeletons (D:4)
  A quokka zombie (D:5)
  8 rats
  A spectral orc (D:4)
  A foxfire (Lair:3)
  3 lurking horrors (Abyss:4)
1837 creatures vanquished.

Vanquished Creatures (collateral kills)
  The ghost of Nuucit the Severer, an adept DDFi of Ru (D:14)
  A spark wasp (Spider:4)
  A dire elephant (Abyss:4)
  2 fire dragons (Depths:4)
  An alligator (Swamp:3)
  2 skeletal warriors (Vaults:1)
  A spriggan (Swamp:3)
  A molten gargoyle (Desolation)
  A hornet (Swamp:3)
  A tyrant leech (Swamp:3)
  A saltling (Desolation)
  A human (shapeshifter) (Depths:4)
  A swamp worm (Swamp:3)
  A spectral hornet (Spider:4)
  4 foxfires
20 creatures vanquished.

Vanquished Creatures (others)
  A spriggan air mage (Depths:2)
  A shock serpent (shapeshifter) (Depths:4)
  An ugly thing (Vaults:1)
  A guardian serpent (Desolation)
  A floating eye (Depths:2)
  A black bear (Lair:2)
  An orc wizard (D:15)
  A kobold (D:13)
  A bush (Lair:6)
  3936 foxfires
  113 fungi
  92 plants
  2 starspawn tentacles (Abyss:4)
  3 withered plants (D:14)
4155 creatures vanquished.

Grand Total: 6012 creatures vanquished

Notes
Turn   | Place    | Note
-------+----------+-------------------------------------------
     0 | D:1      | vortex the Hill Orc Fire Elementalist began the quest for
                  | the Orb.
     0 | D:1      | Reached XP level 1. HP: 14/14 MP: 3/3
   308 | D:1      | Reached skill level 1 in Fighting
   308 | D:1      | Reached XP level 2. HP: 23/23 MP: 0/4
   975 | D:1      | Reached XP level 3. HP: 29/29 MP: 2/5
  1092 | D:1      | Reached skill level 2 in Fighting
  1780 | D:2      | Reached XP level 4. HP: 37/37 MP: 0/6
  1840 | D:2      | Found a glowing golden altar of the Shining One.
  2385 | D:2      | Found a faded altar of an unknown god.
  2854 | D:2      | Became a worshipper of the Shining One
  2889 | D:3      | Reached skill level 3 in Fighting
  2930 | D:3      | Reached XP level 5. HP: 45/45 MP: 0/8
  2942 | D:3      | Reached skill level 1 in Axes
  3260 | D:3      | Learned a level 4 spell: Sticky Flame
  3308 | D:3      | Noticed Terence
  3557 | D:3      | Killed Terence
  3557 | D:3      | Reached skill level 1 in Invocations
  3666 | D:3      | Noticed Grinder
  3677 | D:3      | Paralysed by Grinder for 3 turns
  3685 | D:3      | Killed Grinder
  3685 | D:3      | Reached skill level 4 in Fighting
  3685 | D:3      | Reached XP level 6. HP: 23/52 MP: 0/9
  4212 | D:3      | Found a hazy altar of Hepliaklqana.
  4343 | D:3      | Noticed Ijyb
  4348 | D:3      | Paralysed by Ijyb for 5 turns
  4361 | D:3      | Killed Ijyb
  4361 | D:3      | Reached XP level 7. HP: 60/60 MP: 0/10
  4511 | D:3      | Found an iron altar of Okawaru.
  5217 | D:4      | Found a basalt altar of Yredelemnul.
  5483 | D:4      | Reached skill level 1 in Evocations
  5635 | D:4      | Found a staircase to the Ecumenical Temple.
  5681 | D:4      | Found a radiant altar of Vehumet.
  5682 | D:4      | Noticed Blork the orc
  5682 | D:4      | Reached * piety under the Shining One
  5692 | D:4      | Killed Blork the orc
  5692 | D:4      | Reached skill level 5 in Fighting
  6046 | D:4      | Learned a level 5 spell: Fireball
  6093 | D:4      | Reached XP level 8. HP: 27/68 MP: 7/12
  6391 | D:5      | Entered Level 5 of the Dungeon
  6435 | D:5      | Found Gous's General Store.
  6438 | D:5      | Bought a scroll of teleportation for 30 gold pieces
  6485 | D:5      | Identified the +5 great sword of Accord {flame, rN+ Dex+5}
  6724 | D:5      | Found a burning altar of Makhleb.
  6891 | D:5      | Reached skill level 5 in Fire Magic
  7064 | D:5      | Reached skill level 6 in Fighting
  7279 | D:5      | Found Cig Pitu's Book Shoppe.
  7770 | D:6      | Reached ** piety under the Shining One
  7904 | D:5      | Reached XP level 9. HP: 77/78 MP: 9/14
  8010 | D:6      | Found Veycyit's Weapon Emporium.
  8210 | D:6      | Found an ornate altar of the Wu Jian Council.
  8650 | D:7      | Noticed Menkaure
  8653 | D:7      | Killed Menkaure
  8700 | D:7      | Found an opulent altar of Gozag.
  8863 | D:7      | Found a runed translucent gate.
  8863 | D:7      | Found a runed translucent gate.
  8863 | D:7      | Found a runed translucent gate.
  9233 | D:7      | Noticed Rennog's ghost (novice TrMo)
  9234 | D:7      | Noticed zarzak's ghost (novice OpMo)
  9502 | D:8      | Reached skill level 7 in Fighting
  9564 | D:8      | Noticed Erica
  9576 | D:8      | Killed Erica
  9576 | D:8      | Reached skill level 5 in Axes
  9576 | D:8      | Reached skill level 5 in Invocations
  9745 | D:8      | Found Qecvusk's Gadget Shoppe.
  9933 | D:8      | Found Moudat's Antique Armour Shop.
  9936 | D:8      | Bought a pair of slimy gloves for 275 gold pieces
  9946 | D:8      | Identified the +2 pair of gloves "Hogita" {rElec rPois
                  | Str+3} (You bought it in a shop on level 8 of the Dungeon)
 10084 | D:8      | Reached *** piety under the Shining One
 10088 | D:8      | Reached XP level 10. HP: 88/88 MP: 12/16
 10100 | D:8      | Noticed a +0 hand axe
 10100 | D:8      | Noticed a +0 dagger
 10102 | D:8      | Found a hide-covered altar of Uskayaw.
 10171 | D:8      | Found Awoguyniz's Distillery.
 10174 | D:8      | Bought a potion of heal wounds for 65 gold pieces
 10174 | D:8      | Bought a potion of ambrosia for 104 gold pieces
 10174 | D:8      | Bought a potion of curing for 39 gold pieces
 10255 | D:8      | Noticed a two-headed ogre
 10268 | D:8      | Killed a two-headed ogre
 10268 | D:8      | Reached skill level 8 in Fighting
 10355 | D:8      | Bought a potion of brilliance for 52 gold pieces
 10383 | D:9      | Found a white marble altar of Elyvilon.
 10384 | D:9      | Found a stormy altar of Qazlal.
 10384 | D:9      | Found a shimmering blue altar of Sif Muna.
 10495 | D:9      | Reached skill level 5 in Conjurations
 11290 | D:9      | Found a blossoming altar of Fedhas.
 11312 | D:9      | Reached skill level 9 in Fighting
 11352 | D:9      | Found a staircase to the Lair.
 11591 | D:10     | Entered Level 10 of the Dungeon
 11635 | D:10     | Reached skill level 10 in Fighting
 11635 | D:10     | Reached skill level 5 in Dodging
 11635 | D:10     | Reached skill level 5 in Spellcasting
 11635 | D:10     | Reached skill level 5 in Evocations
 11635 | D:10     | Reached XP level 11. HP: 101/101 MP: 16/18
 11642 | D:10     | Found a staircase to the Orcish Mines.
 11731 | D:10     | Noticed a two-headed ogre
 11744 | D:10     | Killed a two-headed ogre
 12207 | D:10     | Reached **** piety under the Shining One
 12612 | D:10     | Noticed an unseen horror
 12618 | D:10     | Killed an unseen horror
 12618 | D:10     | Reached XP level 12. HP: 98/108 MP: 11/19
 12678 | D:10     | Noticed a two-headed ogre
 12688 | D:10     | Killed a two-headed ogre
 12688 | D:10     | Reached skill level 11 in Fighting
 13136 | D:11     | Learned a level 2 spell: Blink
 13302 | D:11     | Noticed Fannar
 13308 | D:11     | Killed Fannar
 13438 | D:11     | Noticed Nergalle
 13454 | D:11     | Killed Nergalle
 13588 | D:11     | Got a jewelled ring mail
 13765 | D:11     | Identified the +1 ring mail of the Realm of Zot {Str+5
                  | Dex-4} (You found it on level 11 of the Dungeon)
 13888 | D:7      | Killed zarzak's ghost
 13888 | D:7      | Reached skill level 1 in Translocations
 13896 | D:7      | Killed Rennog's ghost
 14173 | D:8      | Bought a potion of lignification for 39 gold pieces
 14210 | D:12     | Noticed a four-headed hydra
 14314 | D:12     | Killed a four-headed hydra
 14578 | D:12     | Noticed a five-headed hydra
 14595 | D:11     | Killed a five-headed hydra
 15539 | Lair:1   | Entered Level 1 of the Lair of Beasts
 16028 | Lair:1   | Got a steaming silver ring
 16030 | Lair:1   | Identified the ring "Mifirchai" {rF- Int+8 Slay+4} (You
                  | found it on level 1 of the Lair of Beasts)
 16074 | Lair:1   | Found a runed translucent gate.
 16074 | Lair:1   | Found a runed translucent gate.
 16074 | Lair:1   | Found a runed translucent gate.
 16153 | Lair:1   | Noticed aardvark's ghost (journeyman MiCK)
 16205 | Lair:1   | Reached skill level 1 in Shields
 16275 | Lair:1   | Noticed Gastronok
 16295 | Lair:1   | Killed Gastronok
 16295 | Lair:1   | Reached skill level 12 in Fighting
 16295 | Lair:1   | Reached XP level 13. HP: 99/118 MP: 8/21
 16746 | Lair:1   | Reached ***** piety under the Shining One
 16807 | Lair:1   | Killed aardvark's ghost
 17062 | Lair:1   | Got the ring of Descent {Fire}
 17064 | Lair:1   | Identified the ring of Descent {Fire Str+2} (You found it
                  | on level 1 of the Lair of Beasts)
 19252 | Lair:2   | Noticed a dire elephant
 19269 | Lair:2   | Killed a dire elephant
 19760 | Lair:3   | Reached skill level 10 in Axes
 19760 | Lair:3   | Reached XP level 14. HP: 121/127 MP: 8/23
 19814 | Lair:3   | Reached skill level 13 in Fighting
 19878 | Lair:3   | Found a hole to the Spider Nest.
 19892 | Lair:3   | Reached skill level 10 in Invocations
 20347 | Lair:3   | Found a radiant altar of Vehumet.
 21098 | Lair:3   | Identified the Grimoire of the Wasteland
 21103 | Lair:3   | Got a brightly glowing robe
 21114 | Lair:3   | Identified the +3 robe "Huudiot" {rF- rC++ MR+ Str+3} (You
                  | found it on level 3 of the Lair of Beasts)
 21131 | Lair:3   | Identified Sif Muna's Collected Works on Scorching
                  | Displacement
 21471 | Lair:4   | Noticed DarkMailMan's ghost (journeyman FoFi)
 21472 | Lair:4   | Found a transporter.
 21558 | Lair:4   | Got a slimy trident
 21559 | Lair:4   | Identified the cursed +1 trident of Imminent Death {holy,
                  | +Inv Int+6} (You found it on level 4 of the Lair of Beasts)
 22004 | Lair:4   | Found a transporter.
 22401 | Lair:4   | Got a steaming trident
 22402 | Lair:4   | Identified the +4 trident of Doiju {drain, rF+} (You found
                  | it on level 4 of the Lair of Beasts)
 22676 | Lair:4   | Found a staircase to the Swamp.
 23164 | Lair:5   | You fall into a shaft and drop 1 floor!
 23164 | Lair:6   | Entered Level 6 of the Lair of Beasts
 23491 | Lair:5   | Reached skill level 1 in Polearms
 23956 | Lair:5   | Reached skill level 14 in Fighting
 24306 | Lair:5   | Reached XP level 15. HP: 115/138 MP: 22/25
 24380 | Lair:6   | Reached skill level 10 in Fire Magic
 25291 | Lair:6   | Identified the Collected Works on Battle Magic and Feathers
 25495 | Lair:6   | Found a burning altar of Makhleb.
 25495 | Lair:6   | Reached ****** piety under the Shining One
 25675 | Lair:6   | Found a gateway to Hell.
 26434 | Lair:6   | Found a staircase to the Slime Pits.
 27082 | Lair:4   | Killed DarkMailMan's ghost
 27958 | D:13     | Found a transporter.
 27960 | D:13     | Found a transporter.
 28156 | D:13     | Noticed Sonja
 28160 | D:13     | Killed Sonja
 28759 | D:14     | Found a flickering gateway to a bazaar.
 28779 | Bazaar   | Entered a bazaar
 28779 | Bazaar   | Found Ilaegis's General Store.
 28782 | Bazaar   | Found Wuhuc's Gadget Emporium.
 28791 | Bazaar   | Found Macogrov's Assorted Antiques.
 28800 | Bazaar   | Found Unwoterr's Book Shoppe.
 28809 | Bazaar   | Found Issac's Weapon Shoppe.
 28832 | Bazaar   | Bought a book of the Earth for 650 gold pieces
 28839 | Bazaar   | Learned a level 6 spell: Iron Shot
 28846 | Bazaar   | Learned a level 6 spell: Statue Form
 28854 | Bazaar   | Bought a potion of berserk rage for 105 gold pieces
 28862 | Bazaar   | Bought a wand of digging (3) for 154 gold pieces
 28862 | Bazaar   | Bought a wand of disintegration (8) for 132 gold pieces
 28868 | Bazaar   | Bought a scroll of immolation for 63 gold pieces
 29098 | D:14     | Noticed Agnes
 29109 | D:14     | Killed Agnes
 29109 | D:14     | Reached skill level 15 in Fighting
 29109 | D:14     | Reached XP level 16. HP: 51/149 MP: 17/27
 29526 | D:13     | Reached skill level 1 in Earth Magic
 29657 | D:14     | Noticed Nessos
 30088 | D:14     | Killed Nessos
 30144 | D:14     | Reached skill level 1 in Transmutations
 30239 | D:14     | Found a gate to the Vaults.
 30452 | D:14     | Noticed Jorgrun
 30475 | D:14     | Killed Jorgrun
 30888 | D:14     | Found a portal to a secret trove of treasure.
 30891 | D:14     | You paid a toll of 5 scrolls of fear to enter a treasure
                  | trove
 30892 | Trove    | Entered a treasure trove
 30913 | Trove    | Got a transparent steel amulet
 30914 | Trove    | Identified the amulet "Taido" {Acrobat rN+} (You found it
                  | in a treasure trove)
 30916 | Trove    | Got a coiled jade amulet
 30917 | Trove    | Identified the amulet "Karul" {Reflect Fragile Str+5 Dex+6
                  | SH+5} (You found it in a treasure trove)
 30942 | Trove    | Got a spiked plate armour
 30945 | Trove    | Got a pair of spiked boots
 30956 | Trove    | Identified the +2 pair of boots "Cirph" {Harm *Drain +Fly}
                  | (You found it in a treasure trove)
 31000 | Trove    | Reached XP level 17. HP: 156/156 MP: 28/28
 31101 | D:14     | Found a runed translucent gate.
 31101 | D:14     | Found a runed translucent gate.
 31101 | D:14     | Found a runed translucent gate.
 31105 | D:14     | Noticed Jiolyugh's ghost (journeyman GrEE)
 31105 | D:14     | Noticed Igae's ghost (journeyman DrAE)
 31105 | D:14     | Noticed Nuucit's ghost (adept DDFi)
 31202 | D:15     | Entered Level 15 of the Dungeon
 31324 | D:15     | Found Qocwuliobb's Distillery.
 31327 | D:15     | Bought a potion of magic for 112 gold pieces
 31327 | D:15     | Bought a potion of ambrosia for 112 gold pieces
 31327 | D:15     | Bought a potion of might for 56 gold pieces
 31327 | D:15     | Bought a potion of cancellation for 112 gold pieces
 31327 | D:15     | Bought a potion of brilliance for 56 gold pieces
 31327 | D:15     | Bought a potion of curing for 42 gold pieces
 31327 | D:15     | Bought 2 potions of curing for 84 gold pieces
 31327 | D:15     | Bought a potion of curing for 42 gold pieces
 31327 | D:15     | Bought a potion of curing for 42 gold pieces
 31650 | D:15     | Noticed Roxanne
 31942 | D:15     | Noticed Kirke
 32041 | D:15     | Killed Kirke
 32161 | D:15     | Found a staircase to the Depths.
 32523 | D:15     | Found Womyuxor's Antique Armour Boutique.
 32531 | D:15     | Found Rotseugi's Weapon Shop.
 32739 | Orc:1    | Entered Level 1 of the Orcish Mines
 32905 | Orc:2    | Entered Level 2 of the Orcish Mines
 33446 | Orc:2    | Found a large runed translucent door.
 33447 | Orc:2    | Found a large runed translucent door.
 33453 | Orc:2    | Noticed lordvenom1's ghost (journeyman MfIE)
 33473 | Orc:2    | Found Fario's Armour Shoppe.
 33491 | Orc:2    | Found a staircase to the Elven Halls.
 33637 | Orc:2    | Noticed Donald
 33641 | Orc:2    | Killed Donald
 33641 | Orc:2    | Reached skill level 10 in Conjurations
 33881 | Orc:2    | Found Ontiuv's Weapon Shop.
 33881 | Orc:2    | Found Entuahi's Book Shop.
 33882 | Orc:2    | Found Nerraargh's Magic Scroll Boutique.
 33885 | Orc:2    | Found Suurea Orihe's Antique Armour Boutique.
 33890 | Orc:2    | Bought a scroll of enchant armour for 112 gold pieces
 33890 | Orc:2    | Bought a scroll of identify for 30 gold pieces
 33890 | Orc:2    | Bought a scroll of identify for 30 gold pieces
 33890 | Orc:2    | Bought a scroll of identify for 30 gold pieces
 34136 | Orc:2    | Upgraded the game from 0.26-a0-778-g3fe0686644 to
                  | 0.26-a0-800-g517d6fe721
 34336 | Swamp:1  | Entered Level 1 of the Swamp
 34553 | Lair:4   | HP: 7/158 [bog body/bolt of cold (33)]
 35812 | Swamp:1  | Found an opulent altar of Gozag.
 35834 | Swamp:1  | Reached skill level 16 in Fighting
 36309 | Orc:1    | Noticed Harold
 36314 | Orc:1    | Killed Harold
 36430 | Orc:1    | Found Ylaur's Antique Armour Emporium.
 37954 | Swamp:3  | Noticed Mara
 38036 | Spider:1 | Entered Level 1 of the Spider Nest
 38272 | Spider:1 | Reached XP level 18. HP: 126/166 MP: 1/30
 38551 | Spider:1 | Reached skill level 10 in Evocations
 38915 | Spider:1 | Noticed Josephine
 38929 | Spider:1 | Killed Josephine
 39112 | Spider:1 | Got a fine robe
 39113 | Spider:1 | Identified the cursed +1 robe of the Nexus {Regen+ rCorr}
                  | (You found it on level 1 of the Spider Nest)
 39283 | Spider:2 | Reached skill level 5 in Earth Magic
 40462 | Spider:2 | Found a transporter.
 40575 | Spider:2 | Found the +7 great mace "Undeadhunter" {disrupt, rN+}
 41149 | Spider:2 | Found a transporter.
 42320 | Spider:3 | Noticed Azrael
 42332 | Spider:3 | Killed Azrael
 42750 | Spider:3 | Found a runed translucent door.
 42750 | Spider:3 | Found a shimmering altar of Xom.
 42750 | Spider:3 | Noticed kd29's ghost (adept GrEE)
 42942 | Spider:4 | Entered Level 4 of the Spider Nest
 44590 | Spider:3 | Reached skill level 17 in Fighting
 46547 | Spider:4 | Reached XP level 19. HP: 145/177 MP: 18/31
 47819 | Spider:4 | HP: 3/177 [cloud of flame (16)]
 47820 | Spider:4 | The Shining One protects you from harm!
 48180 | Spider:4 | Got a gossamer rune of Zot
 48518 | Orc:2    | Bought Risoumer's Guide on Earthen Transmutation for 675
                  | gold pieces
 48524 | Orc:2    | Learned a level 5 spell: Lee's Rapid Deconstruction
 48735 | D:14     | Killed Jiolyugh's ghost
 48740 | D:14     | Killed Igae's ghost
 48740 | D:14     | Killed Nuucit's ghost
 49116 | D:15     | Killed Roxanne
 49882 | Spider:2 | Got a brightly glowing tin ring
 49883 | Spider:2 | Identified the ring of Poesh {+Inv MP+9} (You found it on
                  | level 2 of the Spider Nest)
 49904 | Spider:2 | Got a warped gossamer ring
 49905 | Spider:2 | Identified the ring of the Five Eyes {rElec rF+ SInv} (You
                  | found it on level 2 of the Spider Nest)
 50157 | Orc:2    | Killed lordvenom1's ghost
 50749 | Vaults:1 | Entered Level 1 of the Vaults
 52437 | Vaults:1 | Reached skill level 5 in Transmutations
 52652 | Vaults:1 | Found Jeyprar's Gadget Shop.
 52655 | Vaults:1 | Bought a wand of iceblast (5) for 162 gold pieces
 53644 | Vaults:1 | Reached skill level 18 in Fighting
 54319 | Vaults:1 | Reached XP level 20. HP: 187/187 MP: 19/33
 57572 | Vaults:2 | Got a fine triple crossbow
 57573 | Vaults:2 | Identified the +8 triple crossbow of Bankruptcy {venom,
                  | rPois rF+ SInv Stlth+} (You found it on level 2 of the
                  | Vaults)
 57606 | Vaults:2 | Reached skill level 10 in Earth Magic
 58320 | Vaults:2 | Found a staircase to the Crypt.
 59574 | Vaults:2 | Noticed Xtahua
 59946 | Vaults:2 | Killed Xtahua
 60620 | Vaults:3 | Found Dueviut's Magic Scroll Emporium.
 60628 | Vaults:3 | Bought a scroll of immolation for 49 gold pieces
 60628 | Vaults:3 | Bought a scroll of identify for 28 gold pieces
 60639 | Vaults:3 | Noticed Saint Roka
 60642 | Vaults:3 | Reached skill level 1 in Armour
 60647 | Vaults:3 | Reached XP level 21. HP: 116/196 MP: 25/34
 60651 | Vaults:3 | Killed Saint Roka
 60651 | Vaults:3 | Reached skill level 15 in Invocations
 61233 | Vaults:3 | You fall into a shaft and drop 1 floor!
 61315 | Vaults:4 | Found a ruined gateway.
 61326 | Desolati | Entered the Desolation of Salt
 61535 | Desolati | Reached skill level 19 in Fighting
 62274 | Desolati | Got a faintly glowing hand crossbow
 62275 | Desolati | Identified the +4 hand crossbow "Extu Mot" {flame, rPois
                  | rF++} (You found it in the Desolation of Salt)
 62277 | Desolati | Identified the Disquisition on Arcane Weapons
 62616 | Desolati | Identified the +4 lajatang "Naplurph" {vorpal, +Blink Int+4
                  | Dex-2}
 62616 | Desolati | Identified the +1 robe of Wedekasch {rF++ rN+ Int+4}
 62810 | Desolati | Got a garnet-encrusted plate armour
 62826 | Desolati | Identified Lasupte's Compendium of Enchanting Poison
 63146 | Desolati | Identified the Incunabulum of Igneous Feathers
 63514 | Desolati | Got a shimmering robe
 63515 | Desolati | Identified the cursed +1 robe of Contentment {Stlth+} (You
                  | found it in the Desolation of Salt)
 63518 | Desolati | Identified Nodeofud's Almanac of Moulding
 64313 | Vaults:4 | Reached skill level 10 in Spellcasting
 65415 | Vaults:4 | Reached XP level 22. HP: 187/206 MP: 27/36
 68673 | Vaults:3 | Identified a scroll of acquirement
 68684 | Vaults:3 | Acquired 707 gold pieces
 68967 | Orc:2    | Bought a book of Fire for 975 gold pieces
 68976 | Orc:2    | Learned a level 8 spell: Ignition
 69235 | Spider:3 | Killed kd29's ghost
 69388 | Spider:3 | Got a heavily jewelled robe
 69389 | Spider:3 | Identified the cursed +1 robe "Malor" {*Drain rN++ Regen+
                  | Dex+4} (You found it on level 3 of the Spider Nest)
 69546 | Swamp:3  | Noticed vortex's illusion
 69554 | Swamp:3  | Killed Mara
 69669 | Swamp:3  | Reached skill level 20 in Fighting
 69743 | Swamp:3  | Got an ancient tin ring
 69744 | Swamp:3  | Identified the ring of False Pretenses {rElec rF+ MP+9}
                  | (You found it on level 3 of the Swamp)
 69979 | Swamp:3  | Reached skill level 5 in Armour
 70314 | Swamp:4  | Entered Level 4 of the Swamp
 71804 | Swamp:4  | Got a decaying rune of Zot
 72319 | Elf:1    | Entered Level 1 of the Elven Halls
 72350 | Elf:1    | Found Ivemamir's Antique Weapon Emporium.
 72353 | Elf:1    | Found Yfisk's Distillery.
 72353 | Elf:1    | Found Jepliajo's Book Shoppe.
 72415 | Elf:1    | Found Quaschuse's Magic Scroll Shoppe.
 72433 | Elf:1    | Bought a scroll of identify for 26 gold pieces
 72433 | Elf:1    | Bought a scroll of identify for 26 gold pieces
 72433 | Elf:1    | Bought a scroll of magic mapping for 45 gold pieces
 72433 | Elf:1    | Bought a scroll of blinking for 97 gold pieces
 72436 | Elf:1    | Bought a potion of heal wounds for 80 gold pieces
 72436 | Elf:1    | Bought a potion of heal wounds for 80 gold pieces
 72436 | Elf:1    | Bought a potion of resistance for 160 gold pieces
 72442 | Elf:1    | You fall into a shaft and drop 1 floor!
 72918 | Elf:2    | Reached XP level 23. HP: 204/216 MP: 37/37
 73212 | Elf:1    | Found Enoasuz's Gadget Shoppe.
 75011 | Elf:2    | Found Maje's General Store.
 75019 | Elf:2    | Bought a potion of heal wounds for 85 gold pieces
 75019 | Elf:2    | Bought a +1 helmet of intelligence for 280 gold pieces
 75123 | Elf:2    | Found a runed translucent gate.
 75123 | Elf:2    | Found a runed translucent gate.
 75123 | Elf:2    | Found a runed translucent gate.
 76746 | Elf:3    | Entered Level 3 of the Elven Halls
 77601 | Elf:3    | Learned a level 6 spell: Starburst
 77818 | Elf:3    | Identified the ring of Jealousy {+Blink +Fly rN+ MP-9 SInv}
 77996 | Elf:3    | Identified the +3 rapier "Lucsalus" {freeze, MP+9 Str+2}
 78004 | Elf:3    | Cast into level 3 of the Abyss (a deep elf sorcerer)
 78044 | Abyss:4  | Found a corrupted altar of Lugonu.
 78119 | Abyss:4  | Got a crystal dagger
 78125 | Abyss:4  | Identified the cursed +1 dagger of Cifroick {antimagic,
                  | rPois rF- Stlth+} (You found it on level 4 of the Abyss)
 78434 | Abyss:4  | Found a burning altar of Makhleb.
 78790 | Elf:3    | Escaped the Abyss
 79290 | Elf:3    | Identified the cursed +1 dagger "Jaut" {holy, rPois}
 79303 | Elf:3    | Reached XP level 24. HP: 226/226 MP: 0/37
 79485 | Elf:3    | Reached skill level 21 in Fighting
 79618 | Elf:3    | Identified the +8 spear of Eternal Vigilance {elec, MP+9}
 79618 | Elf:3    | Identified the +1 robe of Wu Jian's Inspiration {SInv}
 79724 | Elf:3    | Identified the +13 storm dragon scales of Purpose {rElec
                  | rC+}
 80202 | Elf:3    | Identified the Papyrus of Nocuous Moulding
 80218 | Elf:3    | Identified Sif Muna's Collected Works on Feathery
                  | Confrontation
 81291 | Depths:1 | Entered Level 1 of the Depths
 81874 | Depths:1 | Reached skill level 5 in Polearms
 81874 | Depths:1 | Reached skill level 15 in Fire Magic
 82004 | Depths:1 | Noticed Aizul
 82010 | Depths:1 | Killed Aizul
 83784 | Depths:1 | Found a one-way gate leading to the halls of Pandemonium.
 83990 | Depths:1 | Acquired 843 gold pieces
 84528 | Depths:2 | Noticed Nikola
 84564 | Depths:2 | Killed Nikola
 84973 | Depths:2 | You fall into a shaft and drop 2 floors!
 84974 | Depths:4 | Noticed a juggernaut
 84997 | Depths:4 | Paralysed by a sphinx for 4 turns
 84997 | Depths:4 | HP: 9/228 [sphinx (4)]
 84998 | Depths:4 | Mangled by a stone giant

Illustrated notes

Levels and vault maps discovered:
D:1:      heliophobic_arrival_glass_houses, layout_loops_corners, st_stairs_9
D:2:      minmay_evil_eye, layout_loops_ring, tso_altar,
          chequers_ecumenical_altar_simple
D:3:      layout_rooms, nicolae_overflow_crystal_walls,
          okawaru_altar_gauntlet_db, uniq_ijyb, uniq_terence, uniq_grinder
D:4:      minmay_inner_zag, layout_loops_ring, lemuel_crystal_altar,
          yredelemnul_forgotten_temple_becter, minmay_temple_entry_overgrown,
          chequers_serial_rivers_micro_e, uniq_blork_the_orc
D:5:      layout_loops_ring, basic_altar, serial_shops, shop, shop,
          kennysheep_potato
D:6:      layout_cave_pods, kennysheep_little_box, serial_shops, shop
D:7:      layout_cave_pods, old_standard_altar, gammafunk_ghost_cemetery,
          uniq_menkaure
D:8:      layout_cave_pools, dancing_weapons_uskayaw, serial_shops,
          nicolae_shop_behind_doors, kennysheep_mini, shop, uniq_erica
D:9:      layout_loops_ring, grunt_temple_overflow_open, lair_entry_dummy,
          chequers_jeans, mrwooster_statue_mirror, fedhas_bush_and_centaur_altar
D:10:     layout_basic, orc_0_dummy
D:11:     layout_basic, kennysheep_generic_room_7, uniq_fannar, uniq_nergalle
D:12:     layout_cave_pools, minmay_starry_boxes
D:13:     gammafunk_boulding_lane, layout_irregular_city, uniq_sonja
D:14:     layout_big_octagon, david_vaults_5, serial_shops, bzr_entry_lakeside,
          hangedman_decor_opposing, enter_trove_6, gammafunk_ghost_cemetery,
          uniq_agnes, uniq_nessos, uniq_jorgrun
D:15:     hangedman_depths_entry_civil_slaughter, layout_rooms, serial_shops,
          shop, nicolae_shop_window_shopping, nicolae_shop_overgrown_old_shop,
          patterned_corridor, uniq_kirke, uniq_roxanne
Lair:1:   layout_regular_city, gammafunk_ghost_icy,
          hangedman_lair_unloving_vines, chequers_serial_rivers_room_a,
          uniq_gastronok
Lair:2:   mu_elephants_graveyard, layout_regular_city, guppyfry_lair_drakes,
          serial_bayou_shore_b, infiniplex_staircase_pool_2,
          serial_bayou_shore_b, lemuel_fruit_tree
Lair:3:   layout_regular_city, spider_nest_entry_web_field, basic_altar,
          minmay_lindwurm_lava
Lair:4:   layout_cave_pods, skrybe_swamp_entry_bodies, gammafunk_ghost_arena
Lair:5:   layout_concentric_octagons, kilobyte_rumbling_trees
Lair:6:   evil_forest, layout_regular_city, minmay_slime_entry_oklob_enclosed
Swamp:1:  layout_basic_swamp, lemuel_altar_in_water
Swamp:2:  layout_basic_swamp, serial_swamp_ruin, evilmike_swamp_ruin_house_6,
          evilmike_swamp_ruin_house_5, swamp_pool3
Swamp:3:  layout_basic_swamp, evilmike_swamp_ruin_house_4, uniq_mara
Swamp:4:  swamp, layout_basic_swamp
Spider:1: layout_spider_delve, guppyfry_spider_mini_1, uniq_josephine
Spider:2: gammafunk_its_a_trap
Spider:3: layout_chambers, ebering_ghost_xom,
          hangedman_spider_tarantella_strand, uniq_azrael
Spider:4: floodkiller_spider_rune_tomb
Orc:1:    layout_caves, serial_shops, nicolae_shop_trees, uniq_harold
Orc:2:    st_orc_mages, layout_caves, ebering_ghost_disaster_area, serial_shops,
          shop_fountains, uniq_donald
Elf:1:    layout_geoelf_diagonals, serial_shops, nicolae_shop_stone,
          minivault_28, grunt_megastairs_2, minmay_shoptagon
Elf:2:    layout_loops_corners, serial_shops, shop, grunt_megastairs_3
Elf:3:    minmay_elf_hall_quartered_circle, layout_geoelf_castle
Vaults:1: vaults_room_grunt_arrival_ludios, st_spiral_rooms, v_misc_16,
          ontoclasm_vaults_shuriken, v_alt_pattern_6,
          nicolae_vaults_three_branches, nicolae_vaults_little_squares_2,
          v_pattern_2, vaults_room_fours, vaults_room_semicircle,
          nicolae_vaults_asterisk, vaults_room_semicircle,
          layout_vaults_chaotic_city, serial_shops, shop
Vaults:2: nicolae_vaults_lopsided_apartments, nicolae_vaults_network_periphery,
          nicolae_vaults_yaktaur_gun_rack, v_rooms_4, hangedman_vaults_unwind,
          v_misc_12, v_misc_1, nicolae_vaults_little_squares_3,
          ontoclasm_vaults_misaligned, minmay_crypt_entry_simple_walls,
          vaults_room_pools, nicolae_vaults_ring_of_whatevers,
          grunt_vaults_diagonal, hangedman_vaults_impose, layout_vaults_omnibox,
          mu_enter_wizlab_4, uniq_xtahua
Vaults:3: nicolae_vaults_sealed_display, v_alt_pattern_5, v_misc_9,
          nicolae_vaults_asterisk, vaults_mumra_chevron, v_rooms_5, st_lines,
          hangedman_vaults_slice, hangedman_vaults_impose,
          hangedman_vaults_maws, v_alt_pattern_1, nicolae_vaults_theta,
          nicolae_vaults_little_squares_1, vaults_dpeg_hooks,
          layout_vaults_maze_snakey, serial_shops, shop_fountains,
          uniq_saint_roka
Vaults:4: hangedman_vaults_slice, vaults_room_grunt_arrival_checkpoint,
          vaults_room_corners, grunt_vaults_focal, v_misc_11, v_misc_24,
          hangedman_vaults_slice, vaults_room_semicircle, v_misc_24,
          vaults_dpeg_ring, layout_vaults_quadrants,
          portal_desolation_entry_nicolae_slug
Depths:1: layout_gridlike, minmay_misc_feat_rugged, hangedman_coc_ice_floe,
          rand_demon_pan_entry_8, lightli_minifort, grunt_megastairs_1,
          uniq_aizul
Depths:2: minmay_quarter_circles, layout_gridlike, rand_demon_pan_entry_7,
          abyss_entry_flame_altar, minmay_misc_feat_iff, hell_entry, uniq_nikola
Depths:4: hangedman_slaughterboxes, abyss_entry, hell_entry

Skill      XL: |  1  2  3  4  5  6  7  8  9 10 11 12 13 14 15 16 17 18 19 20 21 22 23 24 |
---------------+-------------------------------------------------------------------------+-----
Fighting       | 1 2 3 4 5 6 7 10 12 14 15 16 17 18 19 20 21 | 21.0
Spellcasting   | 2 3 4 5 6 7 8 9 10 | 10.9
Dodging        | 2 3 4 5 6 7 8 |  8.0
Axes           | 2 3 4 5 7 8 9 10 11 12 | 12.6
Conjurations   | 2 3 4 6 7 8 9 10 11 12 13 | 13.6
Fire Magic     | 4 5 6 7 8 9 10 11 12 13 14 17 | 17.2
Invocations    | 1 2 4 5 7 9 10 11 12 13 14 15 16 | 16.8
Evocations     | 1 2 3 5 6 7 8 9 10 11 12 13 | 13.4
Translocations | 2 3 4 |  4.0
Shields        | 1 3 4 |  4.0
Polearms       | 1 4 5 |  5.0
Earth Magic    | 2 4 7 9 10 11 12 13 | 13.9
Transmutations | 1 3 4 5 6 7 8 |  8.0
Armour         | 1 4 5 7 |  7.4
Stealth        | |  1.5

Action                   |  1- 3 |  4- 6 |  7- 9 | 10-12 | 13-15 | 16-18 | 19-21 | 22-24 || total
-------------------------+-------+-------+-------+-------+-------+-------+-------+-------++-------
Melee: Dagger            |    19 |     5 |       |       |       |       |       |       ||    24
       Unarmed           |     1 |       |       |       |       |       |       |       ||     1
       Hand axe          |       |    28 |    28 |       |       |       |       |       ||    56
       Great sword       |       |       |     2 |     2 |       |       |       |       ||     4
       War axe           |       |       |       |    79 |   331 |   388 |   447 |   158 ||  1403
       Staff             |       |       |       |       |       |       |    62 |   101 ||   163
       Spear             |       |       |       |       |       |       |       |    11 ||    11
Throw: Dart              |       |       |       |     1 |     1 |       |     1 |     1 ||     4
 Cast: Foxfire           |    55 |   118 |   368 |   309 |   576 |   412 |   259 |    97 ||  2194
       Sticky Flame      |       |       |     7 |    64 |   210 |   152 |   134 |    77 ||   644
       Fireball          |       |       |       |     2 |    34 |   157 |   246 |   398 ||   837
       Blink             |       |       |       |       |     1 |     5 |     2 |     2 ||    10
       Lee's Rapid Decon |       |       |       |       |       |       |    82 |   123 ||   205
       Iron Shot         |       |       |       |       |       |       |     1 |    68 ||    69
Invok: Summon Divine War |       |       |       |       |     1 |     2 |     2 |     4 ||     9
       Cleansing Flame   |       |       |       |       |     1 |       |     3 |     3 ||     7
       Divine Shield     |       |       |       |       |     1 |       |     2 |       ||     3
 Abil: Evoke Flight      |       |       |       |       |     3 |       |       |     1 ||     4
Evoke: Wand              |       |       |       |     1 |     6 |     3 |    11 |     6 ||    27
       Box of beasts     |       |       |       |       |       |       |       |     1 ||     1
  Use: Scroll            |       |       |     3 |    26 |     5 |     7 |    10 |    13 ||    64
       Potion            |       |       |       |     1 |     8 |     7 |    10 |    12 ||    38
Armor: Robe              |     9 |    10 |       |       |       |       |       |       ||    19
       Leather armour    |       |     3 |    40 |       |       |       |       |       ||    43
       Ring mail         |       |       |     1 |    69 |       |       |       |       ||    70
       Acid dragon scale |       |       |       |       |   215 |   262 |   191 |   155 ||   823
Dodge: Dodged            |    26 |    44 |    69 |   114 |   314 |   451 |   340 |   240 ||  1598
Block: Kite shield       |       |       |       |     2 |   249 |       |       |       ||   251
       Buckler           |       |       |       |       |     9 |   360 |   310 |   212 ||   891
       Reflection        |       |       |       |       |       |    11 |    37 |    33 ||    81
       Rpst.: Great sword |       |       |    10 |     4 |       |       |       |       ||    14

Table legend: (Time is in decaauts)
 A = Elapsed time spent in this place.
 B = Non-inter-level travel time spent in this place.
 C = Inter-level travel time spent in this place.
 D = Time resting spent in this place.
 E = Time spent auto-exploring this place.
 F = Levels seen in this place.
 G = Mean time per level.
                   A        B        C        D        E       F      G
               +--------+--------+--------+--------+--------+-----+--------+
         Total |  85373 |  76661 |   8712 |   7060 |  59707 |  46 | 1855.9 |
       Dungeon |  23444 |  20661 |   2783 |   1906 |  16082 |  15 | 1562.9 |
          Lair |  13248 |  11882 |   1366 |    672 |   9406 |   6 | 2208.0 |
         Swamp |   5031 |   4521 |    510 |    398 |   3684 |   4 | 1257.8 |
   Spider Nest |  11277 |  10123 |   1154 |   1944 |   6919 |   4 | 2819.2 |
  Orcish Mines |   2548 |   1956 |    592 |     31 |   1710 |   2 | 1274.0 |
   Elven Halls |   8004 |   7189 |    815 |    466 |   6033 |   3 | 2668.0 |
        Vaults |  15501 |  14210 |   1291 |   1481 |  11152 |   4 | 3875.2 |
        Depths |   3092 |   2894 |    198 |     35 |   2520 |   3 | 1030.7 |
         Abyss |    777 |    777 |      0 |      0 |    374 |   2 |  388.5 |
        Bazaar |     96 |     96 |      0 |      0 |     41 |   1 |   96.0 |
         Trove |    150 |    150 |      0 |      0 |     76 |   1 |  150.0 |
    Desolation |   2200 |   2200 |      0 |    127 |   1706 |   1 | 2200.0 |
               +--------+--------+--------+--------+--------+-----+--------+

Top non-repeatable levels by time:
Vaults:1: 6080 daAuts
Spider:3: 3937 daAuts
Spider:4: 3535 daAuts
Vaults:2: 3341 daAuts
   Elf:2: 3260 daAuts
Vaults:4: 3217 daAuts
   Elf:3: 3205 daAuts
  Lair:4: 2906 daAuts
Vaults:3: 2863 daAuts
    D:14: 2716 daAuts
  Lair:6: 2637 daAuts
  Lair:2: 2543 daAuts
Depths:1: 2428 daAuts
Spider:1: 2415 daAuts
    D:13: 2229 daAuts
